 Dungeon Crawl Stone Soup version 0.31-a0-236-g9a0961fb85 (webtiles) character file.

Game seed: 16249844179935765923

72 CowFu the Ruffian (level 4, 0/44 HPs)
             Began as a Troll Fighter on July 10, 2023.
             Slain by a gnoll
             ... wielding a +0 spear
              (7 damage)
             ... on level 2 of the Dungeon.
             The game lasted 00:00:44 (543 turns).

CowFu the Ruffian (Troll Fighter)                    Turns: 543, Time: 00:00:44

Health: 0/44       AC:  4    Str: 26    XL:     4   Next: 6%
Magic:  3/3        EV:  8    Int:  4    God:
Gold:   49         SH:  7    Dex:  9    Spells: 3/3 levels left

rFire   . .          .
                       - Unarmed
rCold   . . .        b - +0 kite shield
rNeg    . . .        a - +0 robe
rPois   .            (helmet restricted)
rElec   .            (no cloak)
rCorr   .            (gloves unavailable)
SInv    .            (boots unavailable)
Will    .....        (no amulet)
Stlth   +            (no ring)
HPRegen 1.07/turn    (no ring)
MPRegen 0.08/turn

%: no passive effects
@: no status effects
A: large, unfitting armour, claws 3, regeneration 1, shaggy fur 1, tough skin 1
a: no special abilities


You were on level 2 of the Dungeon.
You visited 1 branch of the dungeon, and saw 2 of its levels.

You collected 49 gold pieces.

Inventory:

Armour
 a - a +0 robe (worn)
 b - a +0 kite shield (worn)
Scrolls
 d - a scroll of vulnerability {unknown}
 e - a scroll of enchant armour {unknown}
 f - a scroll of blinking {unknown}
 h - 3 scrolls of identify {unknown}
 j - a scroll of amnesia {unknown}
 k - a scroll of revelation {unknown}
 l - a scroll of noise {unknown}
Potions
 c - 4 potions of might
 g - a potion of lignification {unknown}
 i - a potion of heal wounds {unknown}


   Skills:
 - Level 2.4 Fighting
 - Level 2.4 Dodging
 - Level 2.6 Shields
 + Level 4.4 Unarmed Combat


You had 3 spell levels left.
You didn't know any spells.
Your spell library was empty.

Dungeon Overview and Level Annotations

Branches:
Dungeon (2/15)

Altars:


Innate Abilities, Weirdness & Mutations

You are too large for most types of armour.
You have claws for hands.
Your natural rate of healing is unusually fast.
You are covered in fur. (AC +1)
You have tough skin. (AC +1)


Message History

A gnoll comes into view. It is wielding a +0 spear.
A gnoll comes into view. It is wielding a +1 spear of venom.
There are monsters nearby!
The gnoll shouts!
You scratch the gnoll.
The gnoll is heavily wounded.
You block the gnoll's attack.
There are monsters nearby!
You scratch the gnoll.
The gnoll is severely wounded.
The gnoll hits you but does no damage. You block the gnoll's attack.
There are monsters nearby!
You barely miss the gnoll.
The gnoll is severely wounded.
The gnoll hits you with a +0 whip. You block the gnoll's attack.
The gnoll closely misses you.
You scratch the gnoll.
The gnoll is almost dead.
The gnoll hits you from afar with a +0 spear.
You block the gnoll's attack. x2
You barely miss the gnoll.
The gnoll is almost dead.
The gnoll hits you with a +0 whip! The gnoll closely misses you.
You block the gnoll's attack.
You claw the gnoll!
You kill the gnoll!
The gnoll barely misses you.
The gnoll hits you from afar with a +0 spear!
A kobold comes into view. It is wielding a +0 dagger.
The kobold shouts!
A frilled lizard comes into view.
You block the gnoll's attack. The gnoll hits you but does no damage.
You claw the gnoll!
You kill the gnoll!
The gnoll hits you from afar with a +0 halberd!
The gnoll hits you with a +0 spear.
* * * LOW HITPOINT WARNING * * *
You have reached level 4!
The gnoll hits you from afar with a +0 spear!
You die...

#.................
.............##.....
##.................
#......[....##.#.#
#.........#.##.#.#
#.......#..>.....#
#######...#.###.######
##.##........... #.
####@)..(... #.
#.)...... #. #gg#####.
...# ##K.# l... #.#..
..... ......


You could see 2 gnolls, a kobold and a frilled lizard.

Vanquished Creatures
  Terence (D:2)
  2 gnolls (D:2)
  2 dart slugs (D:1)
  A bat (D:1)
  An endoplasm (D:1)
  6 goblins
  3 hobgoblins
  A ball python (D:1)
  2 frilled lizards (D:1)
  3 kobolds (D:1)
  A rat (D:2)
23 creatures vanquished.

Notes
Turn   | Place    | Note
-------+----------+-------------------------------------------
     0 | D:1      | CowFu the Troll Fighter began the quest for the Orb.
     0 | D:1      | Reached XP level 1. HP: 22/22 MP: 0/0
    87 | D:1      | Reached XP level 2. HP: 29/29 MP: 1/1
   251 | D:1      | Reached skill level 3 in Unarmed Combat
   493 | D:2      | Noticed Terence
   499 | D:2      | Killed Terence
   500 | D:2      | Reached skill level 4 in Unarmed Combat
   500 | D:2      | Reached XP level 3. HP: 35/36 MP: 2/2
   543 | D:2      | Reached XP level 4. HP: 6/44 MP: 3/3
   543 | D:2      | Slain by a gnoll

Illustrated notes

Levels and vault maps discovered:
D:1:      tarquinn_simple_flora_water_a, layout_rooms, serial_glass,
          glass_columns_a, glass_columns_b
D:2:      layout_loops_ring, basic_altar, uniq_terence

Skill      XL: |  1  2 |
---------------+-------+-----
Unarmed Combat | 4 |  4.4
Fighting       | |  2.4
Dodging        | |  2.4
Shields        | |  2.6

Action                     |  1- 3 |  4- 6 || total
---------------------------+-------+-------++-------
  Melee: Unarmed           |    63 |       ||    63
 Armour: Robe              |    32 |       ||    32
  Dodge: Dodged            |    26 |       ||    26
  Block: Kite shield       |    31 |       ||    31

Table legend: (Time is in decaauts)
 A = Elapsed time spent in this place.
 B = Non-inter-level travel time spent in this place.
 C = Inter-level travel time spent in this place.
 D = Time resting spent in this place.
 E = Time spent auto-exploring this place.
 F = Levels seen in this place.
 G = Mean time per level.
                   A        B        C        D        E       F      G
               +--------+--------+--------+--------+--------+-----+--------+
         Total |    547 |    540 |      7 |      0 |    386 |   2 |  273.5 |
       Dungeon |    547 |    540 |      7 |      0 |    386 |   2 |  273.5 |
               +--------+--------+--------+--------+--------+-----+--------+

Top non-repeatable levels by time:
     D:1: 458 daAuts
     D:2: 89 daAuts
